 Dungeon Crawl Stone Soup version 0.29-a0-222-g5b244fca1f (webtiles) character file.

Game seed: 12531157762847043512

30888 shoop the Markself (level 13, -3/76 HPs)
             Began as a Deep Elf Arcane Marksman on Feb 27, 2022.
             Was an Elder of Fedhas.
             Slain by a death yak (15 damage)
             ... on level 3 of the Lair of Beasts on Mar 2, 2022.
             The game lasted 01:09:12 (23573 turns).

shoop the Markself (Deep Elf Arcane Marksman)      Turns: 23573, Time: 01:09:12

Health: -3/76      AC: 11    Str:  9    XL:     13   Next: 23%
Magic:  13/22      EV: 35    Int: 22    God:    Fedhas [****..]
Gold:   976        SH:  0    Dex: 23    Spells: 13/24 levels left

rFire   + . .      SeeInvis .   a - +0 shortbow
rCold   + . .      Faith    .   (shield currently unavailable)
rNeg    . . .      Spirit   .   u - +0 steam dragon scales
rPois   .          Reflect  .   P - +0 helmet
rElec   .          Harm     .   k - +0 cloak
rCorr   .          Rampage  .   j - +2 pair of gloves
Will    +....                   i - +0 pair of boots
Stlth   +++.......              R - amulet of the acrobat
HPRegen 0.22/turn               x - ring of protection from cold
MPRegen 0.18/turn               M - +6 ring of dexterity

@: acrobatic
A: claws 1, fire resistance 1, low MP 1, strong 1
a: Renounce Religion, Wall of Briars, Grow Ballistomycete, Overgrow


You were on level 3 of the Lair of Beasts.
You worshipped Fedhas.
Fedhas was greatly pleased with you.
You visited 4 branches of the dungeon, and saw 18 of its levels.
You also visited: Bailey.

You collected 976 gold pieces.

Inventory:

Hand Weapons
 a - a +0 shortbow (weapon)
Missiles
 S - a throwing net
Armour
 b - a +0 robe
 e - a +0 pair of gloves
 i - a +0 pair of boots (worn)
 j - a +2 pair of gloves (worn)
 k - a +0 cloak (worn)
 u - +0 steam dragon scales (worn)
 G - a +3 leather armour
 J - +0 acid dragon scales
 P - a +0 helmet (worn)
Jewellery
 x - a ring of protection from cold (left hand)
 D - a ring of resist corrosion
 M - a +6 ring of dexterity (right hand)
 R - an amulet of the acrobat (around neck)
 U - an amulet of regeneration
Wands
 q - a wand of polymorph (14)
 K - a wand of mindburst (7)
Scrolls
 c - a scroll of torment {unknown}
 d - 6 scrolls of teleportation
 f - 2 scrolls of acquirement
 g - 2 scrolls of immolation
 l - 3 scrolls of noise {unknown}
 n - 4 scrolls of fog {unknown}
 r - a scroll of silence
 v - a scroll of holy word
 y - a scroll of vulnerability {unknown}
 A - 2 scrolls of blinking {unknown}
 B - a scroll of enchant armour
 C - 2 scrolls of amnesia
 H - a scroll of magic mapping
 N - a scroll of enchant weapon
 W - 2 scrolls of fear {unknown}
 X - a scroll of summoning {unknown}
Potions
 h - 7 potions of mutation
 o - a potion of berserk rage
 p - 5 potions of might {unknown}
 s - 10 potions of attraction {unknown}
 t - a potion of cancellation
 w - 2 potions of flight
 z - 2 potions of ambrosia {unknown}
 E - 4 potions of heal wounds {unknown}
 F - a potion of magic {unknown}
 I - 2 potions of resistance {unknown}
 L - a potion of brilliance {unknown}
 Q - a potion of haste
 T - 2 potions of lignification {unknown}
Miscellaneous
 O - a box of beasts
 V - a phial of floods


   Skills:
 - Level 7.0 Fighting
 + Level 16.1 Bows
 - Level 2.0 Armour
 - Level 10.0 Dodging
 - Level 3.0 Stealth
 - Level 6.0 Spellcasting
 - Level 8.0 Hexes
 - Level 2.0 Translocations
 - Level 3.0 Fire Magic
 - Level 13.0 Invocations
 - Level 5.0 Evocations


You had 13 spell levels left.
You knew the following spells:

 Your Spells              Type           Power      Damage    Failure   Level
a - Slow                  Hex            100%       N/A       1%          1
c - Inner Flame           Hex/Fire       30%        N/A       2%          3
f - Cause Fear            Hex            20%        N/A       3%          4
r - Portal Projectile     Hex/Tloc       56%        N/A       3%          3

Your spell library contained the following spells:

 Spells                   Type           Power      Damage    Failure   Level
 Ensorcelled Hibernation  Hex/Ice        48%        N/A       2%          2
 Apportation              Tloc           30%        N/A       4%          1
 Magic Dart               Conj           24%        1d4       9%          1
 Call Imp                 Summ           6%         N/A       14%         2
 Conjure Flame            Conj/Fire      13%        6-21      14%         3
 Anguish                  Hex/Necr       12%        N/A       17%         4
 Mephitic Cloud           Conj/Pois/Air  6%         N/A       26%         3
 Spider Form              Tmut/Pois      6%         N/A       26%         3
 Sticky Flame             Conj/Fire      13%        2d4       43%         4
 Hailstorm                Conj/Ice       6%         3d4       65%         4
 Ice Form                 Ice/Tmut       6%         N/A       65%         4
 Alistair's Intoxication  Tmut/Pois      4%         N/A       94%         5
 Borgnjor's Vile Clutch   Necr/Erth      3%         N/A       94%         5
 Eringya's Noxious Bog    Tmut/Pois      3%         N/A       100%        6
 Simulacrum               Ice/Necr       3%         N/A       100%        6
 Fire Storm               Conj/Fire      6%         8d2       100%        9


Dungeon Overview and Level Annotations

Branches:
Dungeon (12/15)            Temple (1/1) D:5            Lair (4/6) D:9
 Shoals (0/4) Lair:2       Spider (0/4) Lair:3          Orc (1/2) D:11
 Bailey (visited)

Altars:
Ashenzari
Cheibriados
Dithmenos
Elyvilon
Fedhas
Gozag
Hepliaklqana
Kikubaaqudgha
Makhleb
Nemelex Xobeh
Okawaru
Qazlal
Ru
Sif Muna
Trog
Uskayaw
Vehumet
Wu Jian
Xom
Yredelemnul
Zin
The Shining One

Shops:
D:1 *

Annotations:
D:3 Grinder
D:5 Dowan, Duvessa
D:8 Joseph
D:11 1 runed translucent door, exclusion: obsidian statue, SirDiesAlot's ghost, journeyman DEFE
D:12 exclusions: cyclops, hog, two-headed ogre and 1 more exclusion, Kirke
Lair:3 exclusion: jumping spider, Fannar; Gastronok
Lair:4 exclusion: polar bear


Innate Abilities, Weirdness & Mutations

You have sharp fingernails.
Your flesh is heat resistant. (rF+)
Your magical capacity is low. (-10% MP)
Your muscles are strong. (Str +2)


Message History

The elephant closely misses you. The elephant trunk-slaps you.
You shoot an arrow. The arrow hits the elephant!
The elephant is almost dead.
The elephant barely misses you.
The elephant trunk-slaps you but does no damage.
You shoot an arrow.
The arrow hits the elephant but does no damage.
The elephant is almost dead.
You shoot an arrow.
The arrow hits the elephant but does no damage.
The elephant is almost dead.
The elephant tramples you but does no damage.
The elephant trunk-slaps you.
You shoot an arrow.
The arrow completely misses the elephant.
The elephant tramples you but does no damage.
The elephant trunk-slaps you but does no damage.
Unknown command.
Save game and exit?
Level annotation: exclusion: jumping spider, Fannar; Gastronok Welcome back, shoop the Deep Elf Arcane Marksman.
Fedhas says: Spread life and death.
Press ? for a list of commands and other information.
You shoot an arrow.
The arrow hits the elephant but does no damage.
The elephant is almost dead.
You shoot an arrow. The arrow hits the elephant.
The elephant is almost dead.
The elephant tramples you!
You hold your ground!
The elephant misses you.
There is an open door here.
Cast which spell? (? or * to list)
Okay, then.
The elephant completely misses you. x2
The death yak gores you!!
There is an open door, spattered with blood here.
A briar patch grows up from the ground. x2; The death yak gores you!
* * * LOW HITPOINT WARNING * * *
You walk carefully through the plants.
The death yak gores you!
You die...
Fedhas appreciates your contribution to the ecosystem.

###### #### ## ##P#..####
###P.####P### #.......>###
#...........#
#.......#.###...........### ##
#.......##.###.........#... .####
#.......#P#...............#
....###.......YY@.##.........#..#
..............#####............#
####..+......######†.Y.......+.
##.#.....##.8..#..........#
#...#'###.....###YP..#.###
###...# #8.<.8###......#### ##
##..####......#.#.##.###.#
.#####..#...##...##..........##
'...#....Y...##+..#..........###.


You could see a death yak and an elephant (ally target).

Vanquished Creatures
  2 hydras
  A boulder beetle (D:11)
  A centaur warrior (D:10)
  5 death yaks (Lair:1)
  2 two-headed ogres
  2 deep elf pyromancers (D:12)
  An orc knight (D:10)
  2 cyclopes
  A manticore (D:10)
  A black mamba (Lair:1)
  Maurice (D:11)
  7 cane toads
  2 rime drakes (Lair:4)
  2 komodo dragons
  2 trolls
  12 blink frogs
  A jumping spider (Lair:3)
  A wraith (D:10)
  3 spriggans (Bailey)
  Sigmund (D:5)
  30 yaks
  A vampire (D:10)
  A basilisk (Lair:1)
  2 steam dragons
  4 vampire mosquitoes
  3 acid dragons
  8 water moccasins
  2 black bears
  6 orc warriors
  2 ice beasts
  3 sky beasts
  13 ogres
  11 wolves
  3 centaurs
  4 kobold brigands
  13 bullfrogs
  A gnoll sergeant (D:9)
  8 scorpions
  9 killer bees (D:9)
  A howler monkey (D:6)
  2 hounds
  7 orc priests
  A gnoll shaman (D:7)
  3 iguanas
  15 orc wizards
  8 gnolls
  7 adders
  A shadow imp (D:8)
  An ufetubus (D:5)
  A worm (D:2)
  5 dart slugs
  61 orcs
  8 ball pythons
  6 bats
  7 endoplasms
  5 giant cockroaches
  8 goblins
  4 hobgoblins
  4 jackals (D:1)
  23 kobolds
  7 quokkas
  6 frilled lizards
  5 rats
370 creatures vanquished.

Vanquished Creatures (collateral kills)
  A hydra (Lair:2)
  2 death yaks (Lair:3)
  19 ballistomycete spores
22 creatures vanquished.

Vanquished Creatures (others)
  10 fungi
  15 plants
25 creatures vanquished.

Grand Total: 417 creatures vanquished

Notes
Turn   | Place    | Note
-------+----------+-------------------------------------------
     0 | D:1      | shoop the Deep Elf Arcane Marksman began the quest for the
                  | Orb.
     0 | D:1      | Reached XP level 1. HP: 11/11 MP: 5/5
    19 | D:1      | Reached skill level 1 in Stealth
   115 | D:1      | Reached XP level 2. HP: 8/16 MP: 6/6
   538 | D:1      | Found Baxepel's Assorted Antiques.
   569 | D:1      | Reached skill level 1 in Fighting
   570 | D:1      | Reached skill level 3 in Bows
   570 | D:1      | Reached XP level 3. HP: 13/20 MP: 7/7
   685 | D:1      | Found a faded altar of an unknown god.
  1565 | D:2      | Reached XP level 4. HP: 17/25 MP: 9/9
  2099 | D:3      | Noticed an ogre
  2120 | D:2      | Learned a level 4 spell: Cause Fear
  2241 | D:3      | Reached skill level 4 in Bows
  2356 | D:3      | HP: 1/26 [ogre/+0 giant club (14)]
  2693 | D:3      | Noticed Grinder
  2746 | D:3      | Noticed a bullfrog
  2853 | D:3      | Killed an ogre
  2854 | D:3      | Reached XP level 5. HP: 30/30 MP: 9/11
  2858 | D:3      | Learned a level 3 spell: Inner Flame
  3220 | D:3      | Reached skill level 5 in Hexes
  3220 | D:3      | Reached skill level 1 in Fire Magic
  3324 | D:4      | Reached XP level 6. HP: 35/35 MP: 13/13
  3648 | D:4      | Reached XP level 7. HP: 40/40 MP: 16/16
  3856 | D:4      | Reached skill level 5 in Spellcasting
  3957 | D:5      | Entered Level 5 of the Dungeon
  4469 | D:5      | Noticed Sigmund
  4474 | D:5      | Gained mutation: You have sharp fingernails. [potion of
                  | mutation]
  4474 | D:5      | Gained mutation: Your muscles are strong. (Str +2) [potion
                  | of mutation]
  4474 | D:5      | Gained mutation: Your magical capacity is low. (-10% MP)
                  | [potion of mutation]
  4474 | D:5      | Gained mutation: Your flesh is heat resistant. (rF+)
                  | [potion of mutation]
  4486 | D:5      | Killed Sigmund
  4487 | D:5      | Reached skill level 5 in Bows
  4604 | D:5      | Found a staircase to the Ecumenical Temple.
  4710 | D:5      | Reached XP level 8. HP: 16/44 MP: 14/17
  4717 | D:5      | HP: 2/44 [poisoned by a kobold]
  4998 | D:5      | Reached skill level 6 in Bows
  5124 | Temple   | Entered the Ecumenical Temple
  5394 | D:5      | Reached skill level 7 in Bows
  5590 | D:5      | Reached skill level 1 in Evocations
  5875 | D:5      | Reached skill level 8 in Bows
  6180 | D:5      | Found a blossoming altar of Fedhas.
  6184 | D:5      | Found a stormy altar of Qazlal.
  6185 | D:5      | Found a glowing silver altar of Zin.
  6186 | D:5      | Found a hide-covered altar of Uskayaw.
  6187 | D:5      | Became a worshipper of Fedhas Madash
  6189 | D:5      | Found a burning altar of Makhleb.
  6189 | D:5      | Found a shadowy altar of Dithmenos.
  6237 | D:5      | Found an opulent altar of Gozag.
  6259 | D:5      | Noticed Duvessa
  6259 | D:5      | Noticed Dowan
  6516 | D:6      | Reached skill level 9 in Bows
  6645 | D:6      | Reached skill level 10 in Bows
  7079 | D:6      | Reached XP level 9. HP: 48/48 MP: 18/18
  7138 | D:6      | Learned a level 3 spell: Portal Projectile
  7147 | D:6      | Reached skill level 1 in Translocations
  7645 | D:7      | Reached skill level 11 in Bows
  7716 | D:7      | Found a flagged portal.
  7913 | D:7      | Reached * piety under Fedhas
  7980 | D:7      | Got the Almanac of Heat
  8217 | Bailey   | Entered a bailey
  8239 | Bailey   | Reached skill level 12 in Bows
  8397 | Bailey   | Reached skill level 13 in Bows
  8528 | Bailey   | Noticed a two-headed ogre
  8553 | Bailey   | Killed a two-headed ogre
  8554 | Bailey   | Reached skill level 14 in Bows
  8558 | Bailey   | Reached XP level 10. HP: 40/53 MP: 8/19
  8927 | D:7      | Reached skill level 15 in Bows
  9600 | D:7      | Identified a scroll of acquirement
 10036 | D:8      | Noticed Joseph
 10111 | D:8      | Reached ** piety under Fedhas
 10425 | D:8      | Reached skill level 16 in Bows
 10787 | D:8      | Reached skill level 1 in Invocations
 10879 | D:9      | Found a staircase to the Lair.
 11702 | D:9      | Reached *** piety under Fedhas
 12297 | D:10     | Entered Level 10 of the Dungeon
 12381 | D:9      | Reached skill level 5 in Invocations
 13427 | D:9      | Reached XP level 11. HP: 52/57 MP: 18/20
 13927 | D:10     | Noticed an orc knight
 13964 | D:10     | Reached **** piety under Fedhas
 14159 | D:10     | Reached skill level 5 in Dodging
 14200 | D:10     | Noticed a centaur warrior
 14235 | D:11     | Noticed Maurice
 14241 | D:11     | Killed Maurice
 14601 | D:11     | Found a staircase to the Orcish Mines.
 14714 | D:11     | Noticed a five-headed hydra
 14805 | D:11     | Killed a five-headed hydra
 14993 | D:11     | Noticed an obsidian statue
 15128 | D:11     | Found a runed translucent door.
 15128 | D:11     | Found a shimmering altar of Xom.
 15128 | D:11     | Noticed SirDiesAlot's ghost (journeyman DEFE)
 15129 | D:11     | Noticed a +2 morningstar of chaos
 15149 | D:11     | Reached ***** piety under Fedhas
 15191 | D:11     | Noticed a two-headed ogre
 15226 | D:11     | Killed a two-headed ogre
 15738 | Orc:1    | Entered Level 1 of the Orcish Mines
 15738 | Orc:1    | Noticed an orc warlord
 15855 | D:12     | Noticed a deep elf pyromancer
 15862 | D:12     | Killed a deep elf pyromancer
 16142 | D:12     | Noticed a deep elf pyromancer
 16159 | D:12     | Killed a deep elf pyromancer
 16261 | D:12     | Noticed Kirke
 16397 | D:12     | Noticed a two-headed ogre
 16576 | D:12     | Noticed a boulder beetle
 16699 | D:10     | Killed an orc knight
 16788 | D:10     | Killed a centaur warrior
 16789 | D:10     | Reached skill level 10 in Invocations
 16789 | D:10     | Reached XP level 12. HP: 16/66 MP: 15/20
 17380 | Lair:1   | Entered Level 1 of the Lair of Beasts
 17381 | Lair:1   | Upgraded the game from 0.29-a0-221-gceb61267dd to
                  | 0.29-a0-222-g5b244fca1f
 17903 | Lair:1   | Noticed a death yak
 17903 | Lair:1   | Noticed a death yak
 17904 | Lair:1   | Noticed a death yak
 17907 | Lair:1   | Noticed a death yak
 17909 | Lair:1   | Noticed a death yak
 17947 | Lair:1   | Killed a death yak
 17949 | Lair:1   | Killed a death yak
 17993 | Lair:1   | Killed a death yak
 18000 | Lair:1   | HP: 3/66 [death yak (21)]
 18004 | Lair:1   | Killed a death yak
 18042 | Lair:1   | Killed a death yak
 18640 | Lair:1   | Identified the +4 hand axe of Namuom {protect, Fly rPois
                  | Str+2 Dex-4}
 18941 | Lair:2   | Found a staircase to the Shoals.
 19166 | Lair:2   | Noticed an eight-headed hydra
 19263 | Lair:2   | Killed an eight-headed hydra
 19354 | Lair:2   | You fall into a shaft and drop 2 floors!
 19445 | Lair:3   | Reached skill level 10 in Dodging
 19480 | Lair:3   | Found a hole to the Spider Nest.
 19492 | Lair:3   | Reached skill level 5 in Fighting
 19736 | Lair:3   | Noticed an eight-headed hydra
 20892 | Lair:3   | Noticed Gastronok
 21604 | Lair:3   | Reached skill level 1 in Armour
 21617 | Lair:3   | Reached XP level 13. HP: 68/75 MP: 16/22
 23299 | Lair:3   | Noticed Fannar
 23393 | Lair:4   | Reached skill level 5 in Evocations
 23573 | Lair:3   | Slain by a death yak

Illustrated notes

Levels and vault maps discovered:
D:1:      ebering_trefoil_3fold, layout_rooms,
          hellmonk_ecumenical_altar_blasted, serial_shops,
          nicolae_shop_temple_entry_statues_fountains, hangedman_decor_push,
          minmay_pentomino_w2
D:2:      layout_basic, serial_forest, infiniplex_forest_straight_2,
          infiniplex_forest_end_3, infiniplex_forest_corner_1,
          infiniplex_forest_clump_medium, infiniplex_forest_fountain,
          infiniplex_forest_lined_2
D:3:      layout_basic, uniq_grinder
D:4:      layout_rooms, serial_rivers, chequers_serial_rivers_micro_b,
          chequers_serial_rivers_marsh, chequers_serial_rivers_marsh,
          chequers_serial_rivers_micro_c, chequers_serial_rivers_micro_b,
          kennysheep_generic_room_12
D:5:      layout_basic, nicolae_overflow_hallway_of_the_gods,
          minmay_temple_entry_glass, uniq_duvessa, uniq_sigmund
D:6:      layout_basic, serial_glass, glass_columns_a, glass_columns_c
D:7:      layout_loops_ring, enter_bailey_8, grunt_decor_mini_mirrors,
          minmay_a_box_with_orc_wizards_in_it
D:8:      layout_basic, uniq_joseph
D:9:      layout_roguey, lair_entry_dummy
D:10:     layout_rooms, corexii_hall_statues_l, kb_rosetta
D:11:     layout_irregular_city, hiddenorc2_lemuel, ebering_ghost_xom,
          minmay_statue_bubble, uniq_maurice
D:12:     layout_stronghold, gammafunk_ghost_ooze,
          chequers_serial_rivers_large_a, cheibrodos_ashenzari_chains,
          uniq_kirke
Temple:   regret_index_temple_waves
Lair:1:   layout_chaotic_city
Lair:2:   layout_cave_pods, shoals_dummy_entry, st_stairs_3
Lair:3:   layout_roguey, spider_nest_entry_a, grunt_megastairs_3,
          uniq_gastronok, uniq_fannar
Lair:4:   layout_hall_layers
Orc:1:    layout_caves, hellmonk_ghost_happy_afterlife, nicolae_orc_bridge_out

Skill      XL: |  1  2  3  4  5  6  7  8  9 10 11 12 13 |
---------------+----------------------------------------+-----
Stealth        | 2 3 |  3.0
Fighting       | 1 2 4 6 7 |  7.0
Bows           | 3 4 5 10 14 16 | 16.1
Spellcasting   | 2 3 4 6 |  6.0
Dodging        | 3 9 10 | 10.0
Hexes          | 5 6 8 |  8.0
Fire Magic     | 1 2 3 |  3.0
Evocations     | 3 5 |  5.0
Translocations | 2 |  2.0
Invocations    | 7 10 13 | 13.0
Armour         | 1 2 |  2.0

Action                   |  1- 3 |  4- 6 |  7- 9 | 10-12 | 13-15 || total
-------------------------+-------+-------+-------+-------+-------++-------
 Fire: Shortbow          |   112 |   128 |   390 |  1101 |   153 ||  1884
 Cast: Slow              |     2 |    16 |    50 |    78 |     6 ||   152
       Cause Fear        |       |     1 |     7 |    30 |    15 ||    53
       Inner Flame       |       |       |    28 |    84 |     9 ||   121
       Portal Projectile |       |       |       |     3 |       ||     3
Invok: Wall of Briars    |       |       |       |     3 |     2 ||     5
       Grow Ballistomyce |       |       |       |     1 |     2 ||     3
       Overgrow          |       |       |       |       |     1 ||     1
  Use: Potion            |       |       |     2 |     2 |       ||     4
       Scroll            |       |       |       |    12 |       ||    12
Armor: Robe              |     7 |    19 |    33 |       |       ||    59
       Steam dragon scal |       |       |    20 |    83 |    19 ||   122
Dodge: Dodged            |    22 |    20 |    85 |   243 |    68 ||   438

Table legend: (Time is in decaauts)
 A = Elapsed time spent in this place.
 B = Non-inter-level travel time spent in this place.
 C = Inter-level travel time spent in this place.
 D = Time resting spent in this place.
 E = Time spent auto-exploring this place.
 F = Levels seen in this place.
 G = Mean time per level.
                   A        B        C        D        E       F      G
               +--------+--------+--------+--------+--------+-----+--------+
         Total |  23419 |  21481 |   1938 |   3083 |  13426 |  19 | 1232.6 |
       Dungeon |  17507 |  16028 |   1479 |   2166 |  10466 |  12 | 1458.9 |
        Temple |    135 |    117 |     18 |      0 |    105 |   1 |  135.0 |
          Lair |   5166 |   4726 |    440 |    666 |   2814 |   4 | 1291.5 |
  Orcish Mines |      4 |      4 |      0 |      0 |      0 |   1 |    4.0 |
        Bailey |    605 |    605 |      0 |    251 |     40 |   1 |  605.0 |
               +--------+--------+--------+--------+--------+-----+--------+

Top non-repeatable levels by time:
     D:9: 2588 daAuts
    D:11: 2228 daAuts
  Lair:2: 1988 daAuts
     D:5: 1848 daAuts
  Lair:1: 1764 daAuts
     D:2: 1509 daAuts
    D:10: 1488 daAuts
     D:8: 1383 daAuts
     D:7: 1368 daAuts
     D:4: 1292 daAuts
  Lair:3: 1195 daAuts
     D:6: 1104 daAuts
     D:1: 1005 daAuts
    D:12: 869 daAuts
     D:3: 819 daAuts
